AoeStats
← LendaBenda

Arabia

506368180Analyzed
1v1 RM · 18d ago on Sep 13, 2026· 30m 31s· 2 players
Game mode
Random Map
Map size
Tiny (2 player)
Population
200
Speed
Normal
Resources
Standard
Victory
Conquest
Starting age
Dark Age
Ending age
Imperial Age
RankedLock teamsTeams togetherTeam positionsShared explorationLock speedFull tech treeHidden civsTurbo modeCheats
Victory
Defeat
🇳🇱 Magyars · Netherlands
1059
+16
🇨🇿 Persians · Czechia
1054
-16
LendaBenda
10:00 Feudal Age
13:59 Fletching
14:20 Stone Mining
16:15 Loom
25:04 Double-Bit Axe
Flip
5:59 Loom
9:32 Feudal Age
14:29 Double-Bit Axe
15:05 Horse Collar
19:39 Wheelbarrow
21:20 Bloodlines
25:24 Gold Mining
27:42 Castle Age
27:35 Scale Barding Armor
27:40 Fletching
27:43 Light Cavalry
Connection lost

Rejoining the realm…

Still unreachable

The connection could not be restored.

Session expired

The server has moved on; the page needs a fresh start.